 Dungeon Crawl Stone Soup version 0.22-a0-455-ga0624bf62c (webtiles) character file.

130 Kriby the Poker (level 5, 0/38 HPs)
             Began as a Merfolk Skald on June 5, 2018.
             Slain by Terence
             ... wielding a +5 short sword of speed
              (7 damage)
             ... on level 2 of the Dungeon.
             The game lasted 00:02:39 (1904 turns).

Kriby the Poker (Merfolk Skald)                     Turns: 1904, Time: 00:02:40

Health: 0/38       AC:  3    Str: 12    XL:     5   Next: 13%
Magic:  8/8        EV: 18    Int: 13    God:
Gold:   63         SH:  0    Dex: 18    Spells: 7/8 levels left

rFire    . . .     SeeInvis .   a - +0 spear
rCold    . . .     Gourm    .   (no shield)
rNeg     . . .     Faith    .   b - +0 leather armour
rPois    .         Spirit   .   (no helmet)
rElec    .         Reflect  .   (no cloak)
rCorr    .         Harm     .   (no gloves)
MR       .....                  (no boots)
Stlth    ++........             c - amulet of regeneration
HPRegen  0.52/turn              (no ring)
MPRegen  0.11/turn              (no ring)

@: agile
A: change form in water, swift swim, stealthy swim
a: no special abilities


You were on level 2 of the Dungeon.
You were not hungry.

You visited 1 branch of the dungeon, and saw 2 of its levels.

You collected 63 gold pieces.

Inventory:

Hand Weapons
 a - a +0 spear (weapon)
Armour
 b - a +0 leather armour (worn)
Jewellery
 c - an amulet of regeneration (around neck)
Scrolls
 e - a scroll of identify {@r1}
 i - a scroll of immolation
 k - a scroll of magic mapping {unknown}
 l - 2 scrolls of remove curse {unknown}
Comestibles
 d - 3 rations {@e1}
 f - 3 chunks of flesh


   Skills:
 - Level 2.1 Fighting
 + Level 7.5 Polearms
 - Level 0.6 Armour
 - Level 2.6 Dodging
 - Level 2.0 Spellcasting
 - Level 3.2 Charms


You had 7 spell levels left.
You knew the following spells:

 Your Spells              Type           Power        Failure   Level  Hunger
a - Infusion              Chrm           #...         9%          1    ##.....

Your spell library contained the following spells:

 Spells                   Type           Power        Failure   Level  Hunger
 Regeneration             Chrm/Necr      #.........   45%         3    ####...
 Shroud of Golubria       Chrm/Tloc      #.........   26%         2    ###....
 Song of Slaying          Chrm           #.......     13%         2    ###....
 Spectral Weapon          Hex/Chrm       #.......     45%         3    ####...


Dungeon Overview and Level Annotations

Branches:
Dungeon (2/15)

Altars:

Annotations:
D:2 Terence


Message History

Terence barely misses you.
You hit Terence.
Terence is heavily wounded.
Terence barely misses you.
You hit Terence.
Terence is heavily wounded.
Terence hits you with a short sword of speed.
You hit Terence but do no damage.
Terence is heavily wounded.
Terence completely misses you.
You aren't carrying any potions.
As you read the scroll labeled CIZOUR XASERUESICK, it crumbles to dust.
It is a scroll of identify.
i - a scroll of immolation Terence hits you with a short sword of speed!
* * * LOW HITPOINT WARNING * * *
As you read the scroll labeled NIUBBETTYKH, it crumbles to dust.
The scroll dissolves into smoke.
It was a scroll of fog.
Terence hits you with a short sword of speed!
You die...

#. #)##.#
#..#.# #..#.#
#..#.# ##.#.#
#@.#.# #.#.#
#....# #.#.#
#....# #...#
#....# ##..#
#...##
#..######...#
#.>.§§@@§...#
#########.#.#
..#.# #..#.#
...#.#
##..#.# #..#
.#


You could see Terence.

Vanquished Creatures
  A crimson imp (D:2)
  3 adders (D:2)
  An ooze (D:1)
  3 dart slugs
  2 leopard geckos (D:1)
  2 giant cockroaches
  8 goblins
  7 hobgoblins
  5 jackals (D:2)
  A ball python (D:1)
  9 bats
  10 frilled lizards
  4 kobolds
  2 rats (D:1)
58 creatures vanquished.

Notes
Turn   | Place    | Note
-------+----------+-------------------------------------------
     0 | D:1      | Kriby the Merfolk Skald began the quest for the Orb.
     0 | D:1      | Reached XP level 1. HP: 16/16 MP: 3/3
   168 | D:1      | Reached skill level 4 in Polearms
   168 | D:1      | Reached XP level 2. HP: 12/22 MP: 5/5
   368 | D:1      | HP: 1/22 [hobgoblin (1)]
   825 | D:1      | Reached skill level 5 in Polearms
   825 | D:1      | Reached XP level 3. HP: 27/27 MP: 6/6
  1587 | D:2      | Reached skill level 6 in Polearms
  1644 | D:2      | Reached XP level 4. HP: 31/33 MP: 7/7
  1744 | D:2      | Reached skill level 7 in Polearms
  1777 | D:2      | Reached XP level 5. HP: 25/38 MP: 8/8
  1868 | D:2      | Noticed Terence
  1904 | D:2      | Slain by Terence

Vault maps used:
D:1:      minmay_arrival_semitransparent, minmay_lizard_king
D:2:      minmay_door_path, lemuel_doored_altar, uniq_terence

Skill      XL: |  1  2  3  4 |
---------------+-------------+-----
Polearms       | 4 5 6 7 |  7.5
Fighting       | |  2.1
Armour         | |  0.6
Dodging        | |  2.6
Spellcasting   | |  2.0
Charms         | |  3.2

Action                   |  1- 3 |  4- 6 || total
-------------------------+-------+-------++-------
Melee: Spear             |   193 |    69 ||   262
  Use: Scroll            |       |     2 ||     2
       Potion            |       |     2 ||     2
  Eat: Chunk             |     2 |     1 ||     3
Armor: Leather armour    |    29 |    13 ||    42
Dodge: Dodged            |    79 |    31 ||   110

Table legend:
 A = Spawn XP
 B = Non-spawn XP
 C = Spawn XP percentage of total XP
 D = Spawn monster count
 E = Non-spawn monster count
 F = Spawn count percentage of total count
 G = Total turns spent on level
                    A         B        C        D         E        F      G
               +---------+---------+-------+---------+---------+-------+---------
         Total |       0 |     186 |   0.0 |       0 |      58 |   0.0 |  1904
               +---------+---------+-------+---------+---------+-------+---------
           D:1 |       0 |      65 |   0.0 |       0 |      35 |   0.0 |  1513
           D:2 |       0 |     121 |   0.0 |       0 |      23 |   0.0 |   391
               +---------+---------+-------+---------+---------+-------+---------
